 Dungeon Crawl Stone Soup version 0.32-a0-791-gfc315c9ecd (webtiles) character file.

Game seed: 3368881427546528452

674 jasper the Basher (level 7, -1/70 HPs)
             Began as an Oni Berserker on Mar 20, 2024.
             Was a Believer of Trog.
             Slain by a gnoll
             ... wielding a +0 halberd
              (11 damage)
             ... on level 4 of the Dungeon.
             The game lasted 00:02:57 (2233 turns).

jasper the Basher (Oni Berserker)                   Turns: 2233, Time: 00:02:57

Health: -1/70      AC:  3    Str: 24    XL:     7   Next: 59%
Magic:  7/7        EV:  9    Int:  8    God:    Trog [**....]
Gold:   1160       SH:  0    Dex:  8    Spells: 6/6 levels left

rFire   . . .        g - +1 flail (drain)
rCold   . . .        (no shield)
rNeg    . . .        b - +0 animal skin
rPois   .            (helmet restricted)
rElec   .            (no cloak)
rCorr   .            (gloves unavailable)
SInv    .            (boots unavailable)
Will    .....        (no amulet)
Stlth   +            (no ring)
HPRegen 0.31/turn    (no ring)
MPRegen 0.10/turn

%: no passive effects
@: studying Fighting
A: large, unfitting armour, horns 1, tough skin 1, double potion healing,
drunken brawling
a: Renounce Religion, Berserk, Trog's Hand


You were on level 4 of the Dungeon.
You worshipped Trog.
Trog was pleased with you.
You visited 1 branch of the dungeon, and saw 4 of its levels.

You collected 1160 gold pieces.

Inventory:

Hand Weapons
 a - a +0 mace
 e - a +1 whip of flaming
 g - a +1 flail of draining (weapon)
 j - a +0 flail
Missiles
 f - 9 stones (quivered)
Armour
 b - a +0 animal skin (worn)
Jewellery
 l - an amulet of magic regeneration
Scrolls
 c - a scroll of immolation
 h - a scroll of identify
 k - a scroll of butterflies {unknown}
Potions
 d - 2 potions of curing
 i - a potion of ambrosia {unknown}
 m - a potion of berserk rage {unknown}


   Skills:
 - Level 4.0 Fighting
 + Level 8.6 Maces & Flails
 - Level 2.6 Dodging


You had 6 spell levels left.
You didn't know any spells.
Your spell library was empty.

Dungeon Overview and Level Annotations

Branches:
Dungeon (4/15)
 Temple: D:4-7

Altars:
Ashenzari

Annotations:
D:3 Sigmund


Innate Abilities, Weirdness & Mutations

You are too large for most types of armour.
You have a pair of small horns on your head.
You have tough skin. (AC +1)
You gain doubled healing and magic from potions.
Whenever you drink a healing potion, you attack all around you.


Message History

You sock the gnoll!
You kill the gnoll!
Trog accepts your kill. The kobold hits you with a +0 club.
Things that are here:
a +0 whip; a +0 whip; a gnoll corpse You take 1 damage, and have 68/70 hp.
You barely miss the kobold. The kobold hits you with a +0 club.
You take 1 damage, and have 67/70 hp.
You barely miss the kobold. Your headbutt misses the kobold.
The kobold hits you with a +0 club.
You take 4 damage, and have 63/70 hp.
You closely miss the kobold. Your headbutt misses the kobold.
The kobold hits you with a +0 club.
You take 3 damage, and have 60/70 hp.
You sock the kobold!
You kill the kobold!
Trog accepts your kill.
You closely miss the gnoll. The gnoll hits you with a +0 whip.
The gnoll hits you from afar with a +0 halberd!
You take 9 damage, and have 52/70 hp.
You hit the gnoll but do no damage. The gnoll completely misses you.
The gnoll hits you from afar with a +0 halberd!
You take 14 damage, and have 38/70 hp.
You hit the gnoll but do no damage.
You headbutt the gnoll, but do no damage.
The gnoll hits you with a +0 whip.
The gnoll hits you from afar with a +0 halberd!
You take 11 damage, and have 27/70 hp.
You hit the gnoll but do no damage. You drain the gnoll.
The gnoll is lightly wounded.
The gnoll hits you with a +0 whip.
The gnoll hits you from afar with a +0 halberd!
* * * LOW HITPOINT WARNING * * *
You hit the gnoll but do no damage.
The gnoll is lightly wounded.
The gnoll hits you with a +0 whip.
* * * LOW HITPOINT WARNING * * *
The gnoll hits you from afar with a +0 halberd!
You die... ........# ...# ........# .....+ ..####### [....# # #. ..# .... .#. ..# gK.

.#. #.### #.# ..
#...########.# #.##
##......>....########..#
##............gg@......###+###
##.>........##########<.......
............####..........####
##..........#........####.#
##....#######........# #
..#...# #........### ≈.#...#
#........[.# ≈.#...#
#........#.# ≈.#...#
#........#.#


You could see 2 gnolls.

Vanquished Creatures
  Pikel (D:4)
  An orc priest (D:4)
  A jelly (D:4)
  Terence (D:2)
  An adder (D:2)
  6 gnolls
  4 ribbon worms
  A dart slug (D:1)
  3 orcs (D:4)
  4 ball pythons (D:2)
  4 giant cockroaches
  5 goblins
  3 hobgoblins
  3 jackals (D:4)
  5 kobolds
  3 quokkas
  2 bats
  A rat (D:2)
49 creatures vanquished.

Notes
Turn   | Place    | Note
-------+----------+-------------------------------------------
     0 | D:1      | jasper the Oni Berserker began the quest for the Orb.
     0 | D:1      | Reached XP level 1. HP: 24/24 MP: 1/1
   209 | D:1      | Reached XP level 2. HP: 24/32 MP: 2/2
   460 | D:2      | Reached skill level 4 in Maces & Flails
   596 | D:2      | Reached XP level 3. HP: 34/39 MP: 3/3
   670 | D:2      | Reached XP level 4. HP: 16/48 MP: 4/4
   827 | D:2      | Reached skill level 5 in Maces & Flails
   925 | D:2      | Reached ** piety under Trog
   972 | D:2      | Noticed Terence
   976 | D:2      | Killed Terence
  1624 | D:2      | Identified a scroll of acquirement
  1624 | D:2      | Acquired a manual of Fighting
  1729 | D:3      | Noticed Sigmund
  1752 | D:4      | Reached XP level 5. HP: 36/54 MP: 5/5
  1820 | D:4      | Noticed Pikel
  1820 | D:4      | Noticed a lemure
  1820 | D:4      | Noticed a lemure
  1825 | D:4      | Noticed a lemure
  1828 | D:4      | Killed Pikel
  1829 | D:4      | Reached skill level 8 in Maces & Flails
  1829 | D:4      | Reached XP level 6. HP: 47/62 MP: 6/6
  1829 | D:4      | Reached XP level 7. HP: 53/70 MP: 7/7
  2098 | D:4      | Found a broken altar of Ashenzari.
  2208 | D:4      | Acquired 1013 gold pieces
  2218 | D:4      | Identified the +4 scale mail of Inviolability {rF+ Str+2
                  | Stlth+}
  2233 | D:4      | Slain by a gnoll

Illustrated notes

Levels and vault maps discovered:
D:1:      mainiacjoe_arrival_reflecting_pool, layout_basic
D:2:      layout_loops_corners, uniq_terence
D:3:      gammafunk_wand_slinger, layout_loops_ring, lemuel_crystal_altar,
          elyvilon_altar_1, serial_bayou, serial_bayou_pond_b,
          serial_bayou_crossing, serial_bayou_pond_c, serial_bayou_pond_d,
          corexii_shack, uniq_crazy_yiuf_cottage, uniq_natasha, uniq_sigmund
D:4:      layout_basic, mainiacjoe_overflow_paths, kennysheep_little_box,
          uniq_pikel

Skill      XL: |  1  2  3  4  5 |
---------------+----------------+-----
Maces & Flails | 4 5 8 |  8.6
Fighting       | |  4.0
Dodging        | |  2.6

Action                     |  1- 3 |  4- 6 |  7- 9 || total
---------------------------+-------+-------+-------++-------
  Melee: Mace              |    54 |     7 |       ||    61
         Headbutt          |     3 |     3 |     4 ||    10
         Flail             |       |    45 |    18 ||    63
         Whip              |       |       |    19 ||    19
 Invoke: Berserk           |     1 |     2 |       ||     3
         Trog's Hand       |       |     1 |       ||     1
    Use: Scroll            |       |     7 |     1 ||     8
 Armour: Animal skin       |    48 |    24 |    26 ||    98
  Dodge: Dodged            |    32 |    21 |     9 ||    62

Table legend: (Time is in decaauts)
 A = Elapsed time spent in this place.
 B = Non-inter-level travel time spent in this place.
 C = Inter-level travel time spent in this place.
 D = Time resting spent in this place.
 E = Time spent auto-exploring this place.
 F = Levels seen in this place.
 G = Mean time per level.
                   A        B        C        D        E       F      G
               +--------+--------+--------+--------+--------+-----+--------+
         Total |   2268 |   2232 |     36 |    135 |   1704 |   4 |  567.0 |
       Dungeon |   2268 |   2232 |     36 |    135 |   1704 |   4 |  567.0 |
               +--------+--------+--------+--------+--------+-----+--------+

Top non-repeatable levels by time:
     D:2: 1305 daAuts
     D:4: 494 daAuts
     D:1: 449 daAuts
     D:3: 19 daAuts
